 Dungeon Crawl Stone Soup version 0.22-a0-469-gf26638a (webtiles) character file.

211 varam the Sneak (level 5, 0/31 HPs)
             Began as an Octopode Wizard on June 13, 2018.
             Was a Follower of Dithmenos.
             Succumbed to a worker ant's poison
             ... in the Ecumenical Temple.
             The game lasted 00:13:51 (4889 turns).

varam the Sneak (Octopode Wizard)                   Turns: 4889, Time: 00:13:52

Health: 0/31       AC:  3    Str:  6    XL:     5   Next: 88%
Magic:  7/9        EV: 16    Int: 20    God:    Dithmenos [*.....]
Gold:   272        SH:  0    Dex: 12    Spells: 2/10 levels left

rFire    + + .     SeeInvis .     - Unarmed
rCold    + . .     Gourm    .   (no shield)
rNeg     . . .     Faith    .   a - +0 hat
rPois    +         Spirit   .   (no amulet)
rElec    +         Reflect  .   m - ring of protection from magic
rCorr    +         Harm     .   l - ring of wizardry
MR       +....                  (no ring)
Stlth    ++++......             (no ring)
HPRegen  0.10/turn              (no ring)
MPRegen  0.11/turn              (no ring)
                                (no ring)
                                (no ring)

@: lethally poisoned (0 -> -1), resistant, very slightly contaminated, wreathed
by umbra, invisible
A: almost no armour, stealthy swim, amphibious, 8 rings, constrict 8, repulsion
field 1, icy blue scales 1, camouflage 1, fire resistance 1, gelatinous body 1
a: Renounce Religion


You were in the Ecumenical Temple.
You worshipped Dithmenos.
Dithmenos was aware of your devotion.
You were not hungry.

You visited 2 branches of the dungeon, and saw 5 of its levels.

You collected 272 gold pieces.

Inventory:

Hand Weapons
 g - a +3 short sword of venom
 s - a +0 spear
Missiles
 k - 8 needles of confusion
Armour
 a - a +0 hat (worn)
Jewellery
 l - a ring of wizardry (right tentacle)
 m - a ring of protection from magic (left tentacle)
Wands
 y - a wand of enslavement (18)
Scrolls
 b - a scroll of magic mapping
 c - 2 scrolls of random uselessness
 f - a scroll of amnesia {unknown}
 o - 2 scrolls of enchant armour
 p - a scroll of fog
 r - 2 scrolls of identify
 t - a scroll of teleportation
 v - a scroll of fear {unknown}
 w - 4 scrolls of remove curse
Potions
 d - 2 potions of magic
 h - a potion of haste
 u - a potion of flight
Comestibles
 e - 4 rations


   Skills:
 + Level 3.4 Dodging
 + Level 4.2 Stealth
 + Level 3.9 Unarmed Combat
 - Level 3.0 Spellcasting
 - Level 1.0 Conjurations
 - Level 1.0 Summonings
 - Level 1.0 Translocations


You had 2 spell levels left.
You knew the following spells:

 Your Spells              Type           Power        Failure   Level  Hunger
a - Magic Dart            Conj           #...         4%          1    None
b - Call Imp              Summ           #.......     6%          2    ##.....
c - Blink                 Tloc           N/A          6%          2    ##.....
d - Mephitic Cloud        Conj/Pois/Air  #.......     16%         3    ###....

Your spell library contained the following spells:

 Spells                   Type           Power        Failure   Level  Hunger
 Conjure Flame            Conj/Fire      #.......     14%         3    ###....
 Slow                     Hex            #.......     9%          2    ##.....


Dungeon Overview and Level Annotations

Branches:
Dungeon (4/15)             Temple (1/1) D:4

Altars:
Dithmenos

Annotations:
D:4 Laiders72's ghost, amateur DrTm


Innate Abilities, Weirdness & Mutations

You cannot wear most types of armour.
You are very stealthy in the water. (Stealth+)
You are amphibious.
You can wear up to eight rings at the same time.
You can use your tentacles to constrict eight enemies at once.
Your skin changes colour to match your surroundings (Stealth+).
Your rubbery body absorbs attacks. (AC +1, EV +1)
You are surrounded by a mild repulsion field. (EV +2)
You are partially covered in icy blue scales. (AC +2)
Your flesh is heat resistant. (rF+)


Message History

Dithmenos accepts your kill.
You are shrouded in an aura of darkness!
Okay, then.
It was a potion of invisibility.
You fade into invisibility!
It was a potion of mutation.
You feel extremely strange.
Icy blue scales grow over part of your body.
You feel resistant to heat.
You begin to radiate repulsive energy.
It was a potion of resistance.
You feel protected.
* * * LOW HITPOINT WARNING * * *
You feel sick.
Okay, then.
Okay, then.
There is a staircase to the Ecumenical Temple here.
* * * LOW HITPOINT WARNING * * *
You feel sick.
You climb downwards.
Welcome to the Ecumenical Temple!
There is a staircase back to the Dungeon here.
You die...

.## ##.
.. ..
#.###.#
#..#..#
#...#
#.<.#
##...#
#..#..#
#@###.#
#.# .#
..# ..
.### #.
.# #.
#. #


There were no monsters in sight!

Vanquished Creatures
  A worker ant (D:4)
  Robin (D:2)
  A gnoll (D:2)
  5 adders
  3 worms
  3 leopard geckos
  4 orcs (D:4)
  6 bats
  3 giant cockroaches
  11 goblins
  5 hobgoblins
  2 jackals (D:2)
  5 kobolds
  A ball python (D:1)
  5 frilled lizards
  9 rats
65 creatures vanquished.

Vanquished Creatures (collateral kills)
  An orc wizard (D:4)
  Terence (D:2)
  3 gnolls (D:2)
  A dart slug (D:1)
  A hobgoblin (D:2)
  2 jackals (D:2)
  2 goblins (D:2)
11 creatures vanquished.

Grand Total: 76 creatures vanquished

Notes
Turn   | Place    | Note
-------+----------+-------------------------------------------
     0 | D:1      | varam the Octopode Wizard began the quest for the Orb.
     0 | D:1      | Reached XP level 1. HP: 11/11 MP: 4/4
   130 | D:1      | Reached skill level 1 in Unarmed Combat
   393 | D:1      | Reached XP level 2. HP: 17/17 MP: 6/6
   719 | D:1      | Learned a level 2 spell: Call Imp
  1093 | D:2      | Noticed Robin
  1323 | D:2      | Reached XP level 3. HP: 21/21 MP: 0/7
  1469 | D:2      | Noticed Terence
  1574 | D:3      | Reached XP level 4. HP: 26/27 MP: 3/8
  1849 | D:2      | Found a shadowy altar of Dithmenos.
  1873 | D:2      | Became a worshipper of Dithmenos the Shadowed
  1925 | D:2      | Reached skill level 3 in Stealth
  2314 | D:2      | Learned a level 2 spell: Blink
  2318 | D:2      | Learned a level 3 spell: Mephitic Cloud
  2440 | D:2      | Killed Robin
  2619 | D:2      | Reached XP level 5. HP: 31/31 MP: 9/9
  2667 | D:2      | Killed Terence
  3677 | D:3      | Reached * piety under Dithmenos
  4161 | D:4      | Noticed Laiders72's ghost (amateur DrTm)
  4522 | D:4      | Reached skill level 4 in Stealth
  4863 | D:4      | Found a staircase to the Ecumenical Temple.
  4880 | D:4      | Gained mutation: You are partially covered in icy blue scales. (AC +2) [potion of mutation]
  4880 | D:4      | Gained mutation: Your flesh is heat resistant. (rF+) [potion of mutation]
  4880 | D:4      | Gained mutation: You are surrounded by a mild repulsion field. (EV +2) [potion of mutation]
  4881 | D:4      | HP: 1/31 [poisoned by a worker ant]
  4886 | Temple   | Entered the Ecumenical Temple
  4889 | Temple   | Succumbed to a worker ant's poison

Vault maps used:
D:1:      minmay_arrival_split_and_join
D:2:      lemuel_coloured_pillars_altar, first_ration, uniq_terence, uniq_robin
D:4:      minmay_temple_entry_grid
Temple:   roderic_octagonal_lattice_temple

Skill      XL: |  1  2  3  4  5 |
---------------+----------------+-----
Unarmed Combat | 1 2 3 |  3.9
Stealth        | 3 4 |  4.2
Dodging        | 3 |  3.4
Spellcasting   | |  3.0
Conjurations   | |  1.0
Summonings     | |  1.0
Translocations | |  1.0

Action                   |  1- 3 |  4- 6 || total
-------------------------+-------+-------++-------
Melee: Unarmed           |    57 |   124 ||   181
       Constrict         |    16 |    28 ||    44
       Tentacles         |    10 |    18 ||    28
       Punch             |     1 |     3 ||     4
       Spear             |       |     2 ||     2
 Cast: Magic Dart        |    25 |    40 ||    65
       Call Imp          |     4 |    11 ||    15
       Mephitic Cloud    |       |     2 ||     2
       Blink             |       |     7 ||     7
  Use: Scroll            |       |    11 ||    11
       Potion            |       |     6 ||     6
 Stab: Sleeping          |     6 |     4 ||    10
       Confused          |       |     1 ||     1
  Eat: Chunk             |     2 |     9 ||    11
       Ration            |       |     1 ||     1
Armor: Skin              |     6 |    11 ||    17
Dodge: Dodged            |    46 |    70 ||   116

Table legend:
 A = Spawn XP
 B = Non-spawn XP
 C = Spawn XP percentage of total XP
 D = Spawn monster count
 E = Non-spawn monster count
 F = Spawn count percentage of total count
 G = Total turns spent on level
                    A         B        C        D         E        F      G
               +---------+---------+-------+---------+---------+-------+---------
         Total |       0 |     302 |   0.0 |       0 |      76 |   0.0 |  4889
               +---------+---------+-------+---------+---------+-------+---------
           D:1 |       0 |      28 |   0.0 |       0 |      16 |   0.0 |  1239
           D:2 |       0 |     126 |   0.0 |       0 |      34 |   0.0 |  1610
           D:3 |       0 |      60 |   0.0 |       0 |      18 |   0.0 |  1078
           D:4 |       0 |      88 |   0.0 |       0 |       8 |   0.0 |   959
               +---------+---------+-------+---------+---------+-------+---------
